 Dungeon Crawl Stone Soup version 0.28.0-45-g0d030f2227 (webtiles) character file.

Game seed: 9722123717506087224

4547 DasRunzen the Ducker (level 10, -9/65 HPs)
             Began as a Djinni Fire Elementalist on Apr 1, 2022.
             Was a Believer of Qazlal.
             Killed from afar by a gargoyle (22 damage)
             ... with a stone arrow
             ... on level 10 of the Dungeon.
             The game lasted 00:20:38 (11637 turns).

DasRunzen the Ducker (Djinni Fire Elementalist)    Turns: 11637, Time: 00:20:38

Health: -9/65      AC:  4    Str: 14      XL:     10   Next: 67%
Gold:   375        EV: 16    Int: 28 (29) God:    Qazlal [**....] SH:  2 Dex: 16

rFire   + + +      SeeInvis +   a - +3 morningstar "Mizuaron" {drain, rCorr Int+3}
rCold   x . .      Faith    .   (no shield)
rNeg    . . .      Spirit   .   D - +1 robe of the Merchant {Str+7}
rPois   ∞          Reflect  .   (no helmet)
rElec   .          Harm     .   A - scarf {+Inv}
rCorr   +          Rampage  .   q - +0 pair of gloves
Will    +....                   (boots unavailable)
Stlth   +++.......              j - amulet of the acrobat
HPRegen 0.20/turn               k - ring of protection from fire
MPRegen 0.00/turn               C - ring of Lediol {MP+9 Int+3 Dex+2 Slay-2 SInv Stlth+}

@: flying, very slightly contaminated
A: sickness immunity, fire resistance 2, cold vulnerability 1, float, innate
caster, HP casting, extra vitality 1, clever 1, deterioration 1, frail 1
a: Renounce Religion, Evoke Invisibility, Upheaval


You were on level 10 of the Dungeon.
You worshipped Qazlal.
Qazlal was pleased with you.
You visited 2 branches of the dungeon, and saw 11 of its levels.
You also visited: Ossuary.

You collected 375 gold pieces.

Inventory:

Hand Weapons
 a - the +3 morningstar "Mizuaron" (weapon) {drain, rCorr Int+3}
   (You found it on level 10 of the Dungeon)

   A truly terrible weapon, it drains the life of any living foe it strikes.
   Int:       It affects your intelligence (+3).
   rCorr:     It protects you from acid and corrosion.
 h - a +2 falchion of holy wrath
 w - a +2 scimitar of flaming
Missiles
 z - a throwing net
Armour
 q - a +0 pair of gloves (worn)
 t - a +0 kite shield
 A - a scarf of invisibility (worn)
 D - the +1 robe of the Merchant (worn) {Str+7}
   (You found it on level 9 of the Dungeon)

   Str:       It affects your strength (+7).
Jewellery
 g - a ring of resist corrosion
 j - an amulet of the acrobat (around neck)
 k - a ring of protection from fire (left hand)
 o - a ring of protection from fire
 C - the ring of Lediol (right hand) {MP+9 Int+3 Dex+2 Slay-2 SInv Stlth+}
   (You found it on level 7 of the Dungeon)

   [ring of see invisible]

   Int:       It affects your intelligence (+3).
   Dex:       It affects your dexterity (+2).
   Slay:      It affects your accuracy & damage with ranged weapons and melee
   (-2).
   MP:        It affects your magic capacity (+9).
   SInv:      It lets you see invisible.
   Stlth:     It makes you more stealthy.
Wands
 y - a wand of paralysis (5)
Scrolls
 c - 3 scrolls of magic mapping {unknown}
 d - 4 scrolls of blinking {unknown}
 l - a scroll of acquirement {unknown}
 m - 4 scrolls of teleportation {unknown}
 n - a scroll of holy word {unknown}
 p - 2 scrolls of fog {unknown}
 u - 2 scrolls of fear {unknown}
 v - a scroll of torment {unknown}
 x - a scroll of enchant weapon {unknown}
 E - a scroll of amnesia {unknown}
Potions
 b - 3 potions of curing
 e - 2 potions of might
 f - 3 potions of brilliance
 i - 2 potions of resistance
 r - 3 potions of heal wounds
 s - a potion of haste
 B - a potion of magic {unknown}


   Skills:
 + Level 6.5 Fighting
 + Level 6.5 Armour
 + Level 7.5 Dodging
 - Level 1.5 Stealth
 + Level 5.2 Shields
 + Level 5.6 Spellcasting
 + Level 3.8 Evocations


You couldn't memorise any spells.
You knew the following spells:

 Your Spells              Type           Power      Damage    Failure   Level
a - Foxfire               Conj/Fire      100%       2x1d9     1%          1
b - Scorch                Fire           78%        2d9       1%          2
c - Conjure Flame         Conj/Fire      39%        6-21      1%          3
d - Inner Flame           Hex/Fire       39%        N/A       1%          3
e - Flame Wave            Conj/Fire      39%        2d9       6%          4
f - Sandblast             Erth           78%        2d17      1%          1
g - Blink                 Tloc           78%        N/A       1%          2
h - Gell's Gravitas       Tloc           39%        N/A       1%          3
i - Summon Lightning Spi  Summ/Air       39%        N/A       6%          4
Your spell library was empty.

Dungeon Overview and Level Annotations

Branches:
Dungeon (10/15)            Temple (1/1) D:6         Ossuary (visited)
   Lair: D:8-11         Orc: D:9-12

Altars:
Ashenzari
Cheibriados
Dithmenos
Elyvilon
Fedhas
Gozag
Hepliaklqana
Kikubaaqudgha
Makhleb
Nemelex Xobeh
Okawaru
Qazlal
Ru
Sif Muna
Trog
Uskayaw
Vehumet
Wu Jian
Xom
Yredelemnul
Zin
The Shining One

Shops:
D:2 :


Innate Abilities, Weirdness & Mutations

You are immune to sickness and miasma.
You are immune to poison.
Your flesh is very heat resistant. (rF++)
You are vulnerable to cold. (rC-)
You float through the air rather than walking.
You learn spells naturally, not from books.
Your magical power is your life essence.
You have superior vitality. (+4 MHP)
Your mind is acute. (Int +2)
Your body sometimes deteriorates upon taking damage.
You are frail. (-10% HP)


Message History

Casting: Scorch (safe; 1% risk of failure)
Confirm with . or Enter, or press ? or * to list all spells.
Flames lash the gargoyle but do no damage.
The gargoyle hits you but does no damage.
Your lightning spire shoots out a bolt of lightning at the gargoyle!
The bolt of electricity hits the gargoyle.
The gargoyle resists.
The bolt of electricity hits the gargoyle.
The gargoyle resists.
Casting: Scorch (safe; 1% risk of failure)
Confirm with . or Enter, or press ? or * to list all spells.
Flames lash the gargoyle but do no damage.
The gargoyle hits you with a +0 morningstar!!
* * * LOW HITPOINT WARNING * * *
Unknown command.
Casting: Scorch (safe; 1% risk of failure)
Confirm with . or Enter, or press ? or * to list all spells.
Flames lash the gargoyle but do no damage.
* * * LOW HITPOINT WARNING * * *
The gargoyle barely misses you.
Your lightning spire shoots out a bolt of lightning at the gargoyle!
The bolt of electricity hits the gargoyle.
The gargoyle resists.
The bolt of electricity hits the gargoyle.
The gargoyle resists.
Casting: Scorch (safe; 1% risk of failure)
Confirm with . or Enter, or press ? or * to list all spells.
You miscast Scorch.
You are very lightly contaminated with residual magic.
Nothing appears to happen.
* * * LOW HITPOINT WARNING * * *
The gargoyle hurls a stone arrow at your lightning spire.
The stone arrow hits your lightning spire!
Casting: Scorch (safe; 1% risk of failure)
Confirm with . or Enter, or press ? or * to list all spells.
Flames lash the gargoyle but do no damage.
* * * LOW HITPOINT WARNING * * *
The gargoyle hurls a stone arrow at you.
The stone arrow hits you!!
You die...

#.# #.# #.# #.#
#.# #.# #.#
#.##############
#..........8..@#
#############9##
#.§# #.## #.#
#.# #.# #.# #.#


You could see a gargoyle (combustible, ally target) and a friendly lightning
spire (summoned).

Vanquished Creatures
  A two-headed ogre (D:8)
  Maggie (D:6)
  A komodo dragon (D:9)
  2 hornets
  A shadow (D:9)
  Sigmund (D:2)
  A wraith (D:9)
  A vampire (D:9)
  2 vampire mosquitoes (D:7)
  2 orc warriors (D:9)
  A black bear (D:6)
  2 ice beasts
  A hornet zombie (D:8)
  An ogre (D:7)
  A centaur (D:9)
  A gnoll sergeant (D:7)
  3 bullfrogs
  2 scorpions (D:5)
  3 howler monkeys (D:7)
  A bullfrog zombie (D:5)
  3 centaur zombies
  3 orc priests (D:9)
  2 human zombies (Ossuary)
  2 gnoll shamans (D:7)
  2 hounds (D:6)
  A bullfrog skeleton (D:7)
  Jessica (D:2)
  6 orc wizards
  A killer bee zombie (D:8)
  3 mummies (Ossuary)
  A howler monkey zombie (D:8)
  14 gnolls (D:7)
  5 adders
  3 white imps
  2 ufetubi
  An adder skeleton (D:5)
  5 dart slugs
  13 orcs
  8 endoplasms
  5 giant cockroaches
  8 goblins
  3 hobgoblins
  4 jackals
  A quokka (D:1)
  3 ball pythons
  8 bats
  2 frilled lizards (D:1)
  A gnoll zombie (Ossuary)
  A hobgoblin zombie (Ossuary)
  5 kobolds
  A kobold zombie (Ossuary)
  An orc zombie (Ossuary)
  12 rats
160 creatures vanquished.

Vanquished Creatures (collateral kills)
  12 foxfires (D:1)
12 creatures vanquished.

Vanquished Creatures (others)
  593 foxfires
593 creatures vanquished.

Grand Total: 765 creatures vanquished

Notes
Turn   | Place    | Note
-------+----------+-------------------------------------------
     0 | D:1      | DasRunzen the Djinni Fire Elementalist began the quest for
                  | the Orb.
     0 | D:1      | Reached XP level 1. HP: 15/15 MP: 0/0
   225 | D:1      | Reached XP level 2. HP: 19/22 MP: 0/0
   556 | D:1      | Reached skill level 1 in Fighting
   714 | D:1      | Reached XP level 3. HP: 23/27 MP: 0/0
   714 | D:1      | Learned a level 1 spell: Sandblast
   875 | D:1      | Reached skill level 1 in Armour
  2032 | D:2      | Found Lyffijou's Book Boutique.
  2036 | D:2      | Noticed Sigmund
  2519 | D:2      | Killed Sigmund
  2520 | D:2      | Reached skill level 3 in Dodging
  2520 | D:2      | Reached XP level 4. HP: 28/34 MP: 0/0
  2520 | D:2      | Reached XP level 5. HP: 32/39 MP: 0/0
  2520 | D:2      | Learned a level 2 spell: Blink
  2520 | D:2      | Reached XP level 6. HP: 37/45 MP: 0/0
  2636 | D:2      | Noticed Jessica
  2641 | D:2      | Killed Jessica
  3256 | D:2      | Found a faded altar of an unknown god.
  3523 | D:3      | You are sucked into a shaft and drop 1 floor!
  3887 | D:3      | Found a blossoming altar of Fedhas.
  4567 | D:4      | Reached skill level 4 in Dodging
  4622 | D:5      | Entered Level 5 of the Dungeon
  4641 | D:5      | Found a sand-covered staircase.
  4648 | Ossuary  | Entered an ossuary
  4833 | Ossuary  | Reached XP level 7. HP: 24/50 MP: 0/0
  4833 | Ossuary  | Learned a level 3 spell: Gell's Gravitas
  5497 | Ossuary  | Gained mutation: You have sharp fingernails. [potion of
                  | mutation]
  5498 | Ossuary  | Lost mutation: You have sharp fingernails. [potion of
                  | mutation]
  5498 | Ossuary  | Gained mutation: You are agile. (Dex +2) [potion of
                  | mutation]
  5498 | Ossuary  | Gained mutation: Your spells are a little easier to cast,
                  | but a little less powerful. [potion of mutation]
  5499 | Ossuary  | Lost mutation: You are agile. (Dex +2) [potion of mutation]
  5499 | Ossuary  | Lost mutation: Your spells are a little easier to cast, but
                  | a little less powerful. [potion of mutation]
  5499 | Ossuary  | Gained mutation: Your body sometimes deteriorates upon
                  | taking damage. [potion of mutation]
  5499 | Ossuary  | Gained mutation: You are frail. (-10% HP) [potion of
                  | mutation]
  5499 | Ossuary  | Gained mutation: You sometimes lose the ability to read
                  | scrolls when taking damage. [potion of mutation]
  5499 | Ossuary  | Gained mutation: You are resistant to electric shocks.
                  | (rElec) [potion of mutation]
  5537 | D:5      | Found a stormy altar of Qazlal.
  5539 | D:5      | Found a snail-covered altar of Cheibriados.
  5540 | D:5      | Found an opulent altar of Gozag.
  5541 | D:5      | Found a glowing golden altar of the Shining One.
  5544 | D:5      | Became a worshipper of Qazlal Stormbringer
  6340 | D:5      | Reached skill level 1 in Shields
  6340 | D:5      | Reached XP level 8. HP: 33/52 MP: 0/0
  6681 | D:5      | Found a glowing silver altar of Zin.
  6777 | D:6      | Noticed Maggie
  6794 | D:6      | Killed Maggie
  6795 | D:6      | Reached skill level 5 in Dodging
  7131 | D:6      | Found a staircase to the Ecumenical Temple.
  7158 | Temple   | Entered the Ecumenical Temple
  7939 | D:6      | Lost mutation: You are resistant to electric shocks.
                  | (rElec) [potion of mutation]
  7939 | D:6      | Lost mutation: You sometimes lose the ability to read
                  | scrolls when taking damage. [potion of mutation]
  7939 | D:6      | Gained mutation: Your mind is acute. (Int +2) [potion of
                  | mutation]
  8072 | D:7      | Reached XP level 9. HP: 33/56 MP: 0/0
  8072 | D:7      | Learned a level 4 spell: Summon Lightning Spire
  8267 | D:7      | Reached * piety under Qazlal
  8275 | D:7      | Reached skill level 5 in Fighting
  8275 | D:7      | Reached skill level 6 in Dodging
  8280 | D:7      | Reached skill level 5 in Armour
  8825 | D:7      | Identified the ring of Lediol {MP+9 Int+3 Dex+2 Slay-2 SInv
                  | Stlth+}
  8970 | D:7      | Reached skill level 1 in Evocations
  9330 | D:8      | Noticed a two-headed ogre
  9474 | D:8      | Found a shadowy altar of Dithmenos.
  9496 | D:8      | Killed a two-headed ogre
  9497 | D:8      | Reached skill level 5 in Spellcasting
  9497 | D:8      | Reached XP level 10. HP: 50/64 MP: 0/0
  9833 | D:8      | Reached skill level 7 in Dodging
  9833 | D:8      | HP: 2/64 [bullfrog (4)]
 10887 | D:9      | Noticed a komodo dragon
 10902 | D:9      | Killed a komodo dragon
 10903 | D:9      | Reached skill level 5 in Shields
 11267 | D:9      | Reached ** piety under Qazlal
 11487 | D:9      | Identified the +1 robe of the Merchant {Str+7}
 11562 | D:10     | Entered Level 10 of the Dungeon
 11565 | D:10     | Identified the +3 morningstar "Mizuaron" {drain, rCorr
                  | Int+3}
 11611 | D:10     | Noticed a gargoyle
 11637 | D:10     | Killed from afar by a gargoyle

Illustrated notes

Levels and vault maps discovered:
D:1:      wander_arrival_estate, layout_basic, serial_forest,
          infiniplex_forest_lined_1, infiniplex_forest_clump_curved,
          infiniplex_forest_clump_tiny, infiniplex_forest_diagonal,
          infiniplex_forest_clump_diagonal, infiniplex_forest_clump_medium,
          infiniplex_forest_split
D:2:      kennysheep_six_static_rooms, layout_rooms, serial_shops,
          nicolae_shop_advertising_works [nicolae_subvault_shop_adworks],
          shapermc_ecumenical_altar_petra, serial_bayou_pond_e,
          serial_bayou_pond_d, uniq_jessica, uniq_sigmund
D:3:      layout_rooms, old_standard_altar
D:4:      layout_basic
D:5:      layout_loops_cross, grunt_temple_overflow_open, zin_treasury,
          enter_ossuary_1
D:6:      layout_loops_ring, minmay_temple_entry_glassed_door, uniq_maggie
D:7:      layout_cave_pools
D:8:      layout_loops_ring, grunt_dithmenos_smoke
D:9:      layout_roguey
D:10:     cheibrodos_breeding_chamber, layout_basic, dpeg_lair_monsters,
          uniq_joseph
Temple:   minmay_temple_curvy_branch

Skill      XL: |  1  2  3  4  5  6  7  8  9 10 |
---------------+-------------------------------+-----
Fighting       | 1 2 3 4 5 6 |  6.5
Armour         | 2 3 4 5 6 |  6.5
Dodging        | 3 4 5 6 7 |  7.5
Spellcasting   | 3 4 5 |  5.6
Shields        | 1 2 4 5 |  5.2
Evocations     | 2 3 |  3.8
Stealth        | |  1.5

Action                   |  1- 3 |  4- 6 |  7- 9 | 10-12 || total
-------------------------+-------+-------+-------+-------++-------
Melee: Scimitar          |       |       |       |     1 ||     1
 Cast: Foxfire           |   124 |   123 |   110 |    23 ||   380
       Scorch            |     3 |     8 |    87 |    50 ||   148
       Inner Flame       |       |     1 |    12 |     4 ||    17
       Conjure Flame     |       |       |     3 |     2 ||     5
       Gell's Gravitas   |       |       |     2 |       ||     2
       Blink             |       |       |     1 |       ||     1
       Summon Lightning  |       |       |       |     1 ||     1
  Use: Scroll            |     1 |     2 |     4 |     2 ||     9
       Potion            |       |       |     4 |     1 ||     5
Armor: Robe              |     3 |     1 |     6 |     2 ||    12
Dodge: Dodged            |     8 |     4 |    28 |    14 ||    54
Block: Other             |       |       |       |     1 ||     1
